AoeStats
← Kanyaga

MegaRandom

510141734Analyzed
4v4 RM · 1d ago on Sep 29, 2026· 16m 6s· 8 players
Game mode
Random Map
Map size
Large (8 player)
Population
200
Speed
Normal
Resources
Standard
Victory
Conquest
Starting age
Dark Age
Ending age
Imperial Age
RankedLock teamsTeams togetherTeam positionsShared explorationLock speedFull tech treeHidden civsTurbo modeCheats
Victory
Defeat
🇫🇮 Malay · Finland
1603
+9
🇫🇮 Persians · Finland
1581
+10
🇫🇮 Khmer · Finland
1567
+11
🇫🇮 Burgundians · Finland
1562
+11
🇩🇪 Mongols · Germany
1495
-12
🇹🇷 Wei · Türkiye
1472
-11
🇬🇧 Armenians · United Kingdom
1418
-9
🇩🇪 Lithuanians · Germany
1406
-9
Kanyaga
6:40 Loom
9:33 Feudal Age
10:07 Double-Bit Axe
10:04 Horse Collar
Manix
7:21 Loom
10:15 Feudal Age
The Viper Fanboy
9:11 Feudal Age
11:02 Double-Bit Axe
13:11 Fletching
CARRY_BERRY_JDV <3
11:41 Feudal Age
13:25 Double-Bit Axe
15:50 Castle Age
13:36 Horse Collar
14:08 Loom
14:53 Gold Mining
Pahvi0
5:25 Loom
gottagou
6:35 Loom
9:22 Feudal Age
10:27 Double-Bit Axe
14:19 Horse Collar
Ee-meili
0:37 Loom
6:54 Loom
10:05 Feudal Age
11:27 Double-Bit Axe
12:18 Bow Saw
30Markus
8:00 Loom
10:09 Feudal Age
10:41 Double-Bit Axe
14:15 Fletching
Connection lost

Rejoining the realm…

Still unreachable

The connection could not be restored.

Session expired

The server has moved on; the page needs a fresh start.